 Dungeon Crawl Stone Soup version 0.29.1-2-gbd0b4ee654 (webtiles) character file.

Game seed: 8614717473386311908

30 GorkyZ the Chopper (level 3, 0/22 (27) HPs)
             Began as a Demonspawn Gladiator on Nov 23, 2022.
             Slain by Terence
             ... wielding a +2 hand axe of draining
              (5 damage)
             ... on level 2 of the Dungeon.
             The game lasted 00:02:22 (1202 turns).

GorkyZ the Chopper (Demonspawn Gladiator)           Turns: 1202, Time: 00:02:22

HP:   0/22 (27)     AC:  4    Str: 16    XL:     3   Next: 5%
MP:   3/3           EV: 12    Int:  9    God:
Gold: 76            SH:  4    Dex: 14    Spells: 2/2 levels left

rFire   . . .      SeeInvis .   g - +1 hand axe (vorpal)
rCold   . . .      Faith    .   k - +0 buckler
rNeg    . . .      Spirit   .   b - +0 leather armour
rPois   .          Reflect  .   c - +0 helmet
rElec   .          Harm     .   (no cloak)
rCorr   .          Rampage  .   (no gloves)
Will    .....                   (no boots)
Stlth   +.........              (no amulet)
HPRegen 0.07/turn               (no ring)
MPRegen 0.16/turn               (no ring)

@: heavily drained
A: magic regeneration, demonic touch 1
a: no special abilities


You were on level 2 of the Dungeon.
You visited 1 branch of the dungeon, and saw 2 of its levels.

You collected 76 gold pieces.

Inventory:

Hand Weapons
 a - a +0 war axe
 g - a +1 vorpal hand axe (weapon)
Missiles
 d - 3 throwing nets (quivered)
 e - a javelin
 l - 5 atropa-tipped darts
 o - 3 poisoned darts
Armour
 b - a +0 leather armour (worn)
 c - a +0 helmet (worn)
 k - a +0 buckler (worn)
Scrolls
 f - a scroll of fog {unknown}
 h - 2 scrolls of enchant armour {unknown}
 i - a scroll of immolation {unknown}
 m - a scroll of torment {unknown}
Potions
 j - 2 potions of brilliance {unknown}
 n - a potion of flight {unknown}


   Skills:
 + Level 2.2 Fighting
 + Level 2.9 Axes
 + Level 2.0 Throwing
 + Level 0.5 Armour
 + Level 2.8 Dodging
 + Level 0.8 Shields
 + Level 0.6 Evocations


You had 2 spell levels left.
You didn't know any spells.
Your spell library contained the following spells:

 Spells                   Type           Power      Damage    Failure   Level
 Slow                     Hex            0%         N/A       56%         1
 Confusing Touch          Hex            0%         N/A       90%         3
 Vampiric Draining        Necr           0%         2d6       90%         3


Dungeon Overview and Level Annotations

Branches:
Dungeon (2/15)

Altars:

Annotations:
D:2 Terence


Innate Abilities, Weirdness & Mutations

You regenerate magic rapidly.
Your touch may inflict minor irresistible damage on your foes.


Message History

You closely miss Terence.
Terence is lightly wounded.
Terence hits you with a +2 hand axe of draining.
You feel drained.
Terence shouts, "Get ready for death!"
Terence barely misses you.
You closely miss Terence.
Terence is lightly wounded.
Terence closely misses you.
You completely miss Terence.
Terence is lightly wounded.
Terence barely misses you.
You hit Terence.
Terence is moderately wounded.
Terence hits you with a +2 hand axe of draining.
You feel drained.
You are too injured to fight recklessly!
You are too injured to fight recklessly!
You are too injured to fight recklessly!
You are too injured to fight recklessly!
You are too injured to fight recklessly!
You are too injured to fight recklessly!
You are too injured to fight recklessly!
Unknown command.
You hit Terence but do no damage.
Terence is moderately wounded.
Terence barely misses you.
You hit Terence.
Terence is moderately wounded.
Terence hits you with a +2 hand axe of draining.
* * * LOW HITPOINT WARNING * * *
You feel drained.
* * * LOW HITPOINT WARNING * * *
You hit Terence.
Terence is severely wounded.
Terence barely misses you. Terence closely misses you.
You completely miss Terence.
Terence is severely wounded.
Terence hits you with a +2 hand axe of draining.
You die...

##.. ### ##.. #.#..
.... ..# #.#.# ...
...## #.#.# ..# ....#
#.#.# ######.##....#
#.#.# +.....@.(....#
#.#..
#@#.....######.#†#
####.................
#....................
#?##.#...............
#.
##'#............... #
#................##
#................#
+....#..#........#
#....#..#........+


You could see Terence.

Vanquished Creatures
  An adder (D:2)
  A dart slug (D:1)
  2 ball pythons
  3 endoplasms
  4 goblins (D:1)
  2 quokkas (D:1)
  A frilled lizard (D:1)
  A kobold (D:1)
  4 rats
19 creatures vanquished.

Notes
Turn   | Place    | Note
-------+----------+-------------------------------------------
     0 | D:1      | GorkyZ the Demonspawn Gladiator began the quest for the
                  | Orb.
     0 | D:1      | Reached XP level 1. HP: 16/16 MP: 1/1
   432 | D:1      | Gained mutation: Your touch may inflict minor irresistible
                  | damage on your foes. [demonic ancestry]
   432 | D:1      | Reached XP level 2. HP: 22/22 MP: 2/2
   948 | D:1      | Found a faded altar of an unknown god.
  1130 | D:2      | Gained mutation: You regenerate magic rapidly. [demonic
                  | ancestry]
  1130 | D:2      | Reached XP level 3. HP: 24/27 MP: 3/3
  1189 | D:2      | Noticed Terence
  1202 | D:2      | Slain by Terence

Illustrated notes

Levels and vault maps discovered:
D:1:      ncdulo_wetmaze, layout_basic, ebering_ecumenical_altar_box
D:2:      layout_basic, minivault_25, minmay_statues_item, uniq_terence

Skill      XL: |  1  2 |
---------------+-------+-----
Throwing       | 2 |  2.0
Fighting       | |  2.2
Axes           | |  2.9
Armour         | |  0.5
Dodging        | |  2.8
Shields        | |  0.8
Evocations     | |  0.6

Action                   || total
-------------------------++-------
Melee: War axe           ||    10
       Hand axe          ||    39
Armor: Leather armour    ||     7
Dodge: Dodged            ||    25
Block: Buckler           ||     5
